AoeStats
← RoR | Vodka_L_2

Arena

510298164Analyzed
1v1 RM · 1d ago on Sep 30, 2026· 30m 17s· 2 players
Game mode
Random Map
Map size
Tiny (2 player)
Population
200
Speed
Normal
Resources
Standard
Victory
Conquest
Starting age
Dark Age
Ending age
Imperial Age
RankedLock teamsTeams togetherTeam positionsShared explorationLock speedFull tech treeHidden civsTurbo modeCheats
Victory
Defeat
🇫🇷 Muisca · France
2648
+10
🇮🇹 Muisca · Italy
2516
-10
RoR | Vodka_L_2
10:19 Feudal Age
14:06 Castle Age
12:00 Horse Collar
13:00 Double-Bit Axe
15:12 Bow Saw
16:17 Fletching
23:20 Gold Mining
25:18 Wheelbarrow
25:42 Loom
31:19 Imperial Age
29:12 Ballistics
29:27 Bodkin Arrow
29:32 Padded Archer Armor
OS+ | NeoZz
10:26 Feudal Age
13:57 Castle Age
12:15 Double-Bit Axe
12:42 Horse Collar
15:11 Bow Saw
15:15 Town Watch
16:31 Gold Mining
17:17 Fletching
20:09 Bodkin Arrow
22:44 Wheelbarrow
27:54 Imperial Age
26:15 Stone Mining
28:52 Bracer
29:28 Loom
30:18 Masonry
Connection lost

Rejoining the realm…

Still unreachable

The connection could not be restored.

Session expired

The server has moved on; the page needs a fresh start.